 Dungeon Crawl Stone Soup version 0.22-a0-587-g7d32d7c (webtiles) character file.

461 iamserjio the Chopper (level 7, -1/72 HPs)
             Began as a Halfling Berserker on July 4, 2018.
             Was a Believer of Trog.
             Killed from afar by an orc wizard (13 damage)
             ... with a puff of flame
             ... on level 6 of the Dungeon.
             The game lasted 00:05:46 (731 turns).

iamserjio the Chopper (Halfling Berserker)           Turns: 731, Time: 00:05:47

Health: -1/72      AC:  5    Str: 25    XL:     7   Next: 28%
Magic:  7/7        EV: 16    Int:  5    God:    Trog [**....]
Gold:   19         SH:  0    Dex: 14    Spells: 6/6 levels left

rFire    . . .     SeeInvis .   a - +0 hand axe
rCold    . . .     Gourm    .   (shield restricted)
rNeg     . . .     Faith    .   k - +2 leather armour {rPois}
rPois    +         Spirit   .   (no helmet)
rElec    .         Reflect  .   (no cloak)
rCorr    .         Harm     .   (no gloves)
MR       ++...                  (no boots)
Stlth    ..........             (no amulet)
HPRegen  1.22/turn              (no ring)
MPRegen  0.10/turn              (no ring)

@: berserking (expiring), starving, regenerating, very quick
A: small, mutation resistance 1
a: Berserk, Trog's Hand, Renounce Religion


You were on level 6 of the Dungeon.
You worshipped Trog.
Trog was pleased with you.
You were starving.

You visited 1 branch of the dungeon, and saw 6 of its levels.

You collected 103 gold pieces.
You spent 84 gold pieces at shops.

Inventory:

Hand Weapons
 a - a +0 hand axe (weapon)
 m - a +0 spear
 o - a cursed -2 flail
Missiles
 n - 2 throwing nets (quivered) {!f}
 q - 7 curare-tipped needles {!f}
Armour
 b - a +0 animal skin
 k - a +2 leather armour of poison resistance (worn)
Jewellery
 i - an uncursed ring of poison resistance {unknown}
Wands
 h - a wand of disintegration (9)
Scrolls
 d - 4 scrolls of identify {unknown}
 e - 5 scrolls of amnesia {unknown}
 f - 3 scrolls of remove curse {unknown}
 g - 2 scrolls of enchant armour {unknown}
 j - a scroll of teleportation {unknown}
 p - 2 scrolls of fog {unknown}
 r - a scroll of enchant weapon {unknown}
Potions
 s - a potion of degeneration {unknown}
 t - a potion of curing {unknown}
Comestibles
 c - 6 rations


   Skills:
 + Level 4.0 Fighting
 * Level 5.3 Axes
 + Level 4.0 Armour
 + Level 4.0 Dodging


You had 6 spell levels left.
You didn't know any spells.
Your spell library was empty.

Dungeon Overview and Level Annotations

Branches:
Dungeon (7/15)
 Temple: D:4-7

Altars:

Shops:
D:6 **


Innate Abilities, Weirdness & Mutations

You are small and have problems with some larger weapons.
You are somewhat resistant to further mutation.


Message History

A scorpion comes into view.
The orc warrior closely misses you. The orc priest barely misses you.
You slash the orc priest!
You kill the orc priest!
Trog accepts your kill.
Your Fighting skill increases to level 4!
Your Armour skill increases to level 4!
You hit the orc warrior but do no damage.
You barely miss something. You barely miss the orc warrior.
You hear some strange, mumbled words.
A magic dart appears from out of thin air!
The magic dart hits you!
* * * LOW HITPOINT WARNING * * *
You hit the orc warrior.
The orc warrior is heavily wounded.
You hit something. You closely miss the orc warrior.
You hear some strange, mumbled words.
A puff of flame appears from out of thin air!
The puff of flame hits you!
You die...

.... ... ###... . #....
#s# #.#.##########
#...#######.#...........
......)......#######....
....$.o@....∩'.....'....
......)o)....#######....
........................
........................
....................##.#
############.)...... #..
#........ ##. #.......
##


You could see 2 orc warriors and a scorpion.

Vanquished Creatures
  Purgy (D:3)
  2 ogres (D:7)
  2 orc priests (D:6)
  Ijyb (D:3)
  A worker ant (D:4)
  3 gnolls (D:3)
  2 adders (D:3)
  3 leopard geckos
  12 orcs
  A ball python (D:1)
  2 bats
  5 hobgoblins
  2 quokkas
  A goblin (D:4)
  A kobold (D:1)
  A leopard gecko skeleton (D:4)
  6 rats
46 creatures vanquished.

Notes
Turn   | Place    | Note
-------+----------+-------------------------------------------
     0 | D:1      | iamserjio the Halfling Berserker began the quest for the Orb.
     0 | D:1      | Reached XP level 1. HP: 15/15 MP: 1/1
    71 | D:1      | Reached XP level 2. HP: 10/20 MP: 2/2
   254 | D:4      | Reached XP level 3. HP: 20/26 MP: 3/3
   270 | D:3      | Reached XP level 4. HP: 12/31 MP: 4/4
   280 | D:3      | Noticed Purgy
   287 | D:4      | Reached ** piety under Trog
   353 | D:3      | Noticed Ijyb
   362 | D:3      | Killed Purgy
   362 | D:3      | Reached skill level 4 in Axes
   362 | D:3      | Reached XP level 5. HP: 17/36 MP: 5/5
   363 | D:3      | Killed Ijyb
   363 | D:3      | Reached XP level 6. HP: 20/42 MP: 6/6
   505 | D:4      | You fall through a shaft for 3 floors!
   526 | D:7      | Noticed an ogre
   533 | D:7      | Killed an ogre
   538 | D:7      | Noticed an ogre
   545 | D:7      | Killed an ogre
   545 | D:7      | Reached skill level 5 in Axes
   545 | D:7      | Reached XP level 7. HP: 8/47 MP: 7/7
   666 | D:6      | Found Feluel's Assorted Antiques.
   684 | D:6      | Bought a scroll labeled TEJUYCL GALOPO for 28 gold pieces
   684 | D:6      | Bought a scroll labeled MOCZIY SIMOPNUM for 28 gold pieces
   684 | D:6      | Bought a scroll labeled CANOESTR NAAHUF for 28 gold pieces
   712 | D:6      | Found Deikhley's General Store.
   731 | D:6      | Killed from afar by an orc wizard

Vault maps used:
D:1:      dpeg_arrival_pits, nemelex_diamond_rough_becter
D:2:      first_ration, hangedman_decor_points, uniq_robin
D:3:      uniq_grinder, uniq_crazy_yiuf_cottage, uniq_ijyb, uniq_purgy
D:4:      minmay_diamond_boxcup, minmay_temple_entry_mist, minivault_5
D:6:      serial_shops, nicolae_shop_statue_plus, shop, kennysheep_little_box
D:7:      uniq_pikel, uniq_joseph

Skill      XL: |  1  2  3  4  5  6  7 |
---------------+----------------------+-----
Fighting       | 3 4 |  4.0
Axes           | 4 5 |  5.3
Armour         | 3 4 |  4.0
Dodging        | 3 4 |  4.0

Action                   |  1- 3 |  4- 6 |  7- 9 || total
-------------------------+-------+-------+-------++-------
Melee: Hand axe          |    39 |    44 |    19 ||   102
Invok: Berserk           |     1 |     2 |     1 ||     4
       Trog's Hand       |       |     1 |     2 ||     3
Evoke: Wand              |       |     3 |     1 ||     4
  Use: Potion            |       |     1 |       ||     1
 Stab: Sleeping          |     1 |       |       ||     1
  Eat: Chunk             |       |     2 |       ||     2
Armor: Animal skin       |     8 |       |       ||     8
       Leather armour    |     4 |    17 |     3 ||    24
Dodge: Dodged            |    31 |    64 |    19 ||   114

Table legend:
 A = Spawn XP
 B = Non-spawn XP
 C = Spawn XP percentage of total XP
 D = Spawn monster count
 E = Non-spawn monster count
 F = Spawn count percentage of total count
 G = Total turns spent on level
                    A         B        C        D         E        F      G
               +---------+---------+-------+---------+---------+-------+---------
         Total |       0 |     659 |   0.0 |       0 |      46 |   0.0 |   731
               +---------+---------+-------+---------+---------+-------+---------
           D:1 |       0 |      16 |   0.0 |       0 |       9 |   0.0 |   130
           D:2 |       0 |       2 |   0.0 |       0 |       2 |   0.0 |    83
           D:3 |       0 |     254 |   0.0 |       0 |      18 |   0.0 |   207
           D:4 |       0 |      46 |   0.0 |       0 |       6 |   0.0 |    85
           D:6 |       0 |     102 |   0.0 |       0 |       9 |   0.0 |   155
           D:7 |       0 |     239 |   0.0 |       0 |       2 |   0.0 |    71
               +---------+---------+-------+---------+---------+-------+---------
